[Event "*** Titled Tuesday Blitz"]
[Site "Chess.com"]
[Date "2020.04.21"]
[Round "2"]
[White "Alliswell998"]
[Black "imdarealist"]
[Result "0-1"]
[WhiteElo "2555"]
[BlackElo "2311"]
[TimeControl "180+1"]
[EndTime "10:17:59 PDT"]
[Termination "imdarealist won by checkmate"]

1. d4 d5 2. Bg5 Nf6 3. Bxf6 exf6 4. e3 c6 5. c4 Bd6 6. cxd5 cxd5 7. Nc3 Bb4 8. Bd3 f5 9. Ne2 Nc6 10. O-O O-O 11. Rc1 Be6 12. Nf4 a6 13. a3 Be7 14.
b4 Rc8 15. Qb3 Bg5 16. Ncxd5 Bxf4 17. Bc4 Bb8 18. g3 b5 19. Nf4 Bxc4 20. Rxc4 bxc4 21. Qc3 Ne7 22. Qc2 Bxf4 23. gxf4 Qd5 24. f3 Rfd8 25. Kf2 a5 26. Rg1 g6 27. h4 axb4 28. axb4 c3 29. h5 Qc4 30. Kg3 Ra8 31.
hxg6 fxg6 32. Qh2 Nd5 33. Qh6 Rd7 34. b5 Qxb5 35. Kh4 Rg7 36. Qg5 Qb7 37. Kh3 Qe7 38.
Qg3 Qxe3 39. Re1 Qxf4 40. Qf2 Qd2 41. Re2 Qxe2 42. Qg3 c2 43. Qd6 Qe7 44. Qxd5+ Rf7 45.
Qxa8+ Kg7 46. Qc8 Qc7 47. Qe6 c1=Q 48. f4 Qh1+ 49. Kg3 Qc3+ 50. Qe3 Qf3+ 51. Qxf3 Qxf3+ 52. Kh4 Qg4# 0-1

[Event "*** Titled Tuesday Blitz"]
[Site "Chess.com"]
[Date "2020.04.21"]
[Round "2"]
[White "mshuaau0"]
[Black "Caterpiller35"]
[Result "0-1"]
[WhiteElo "2111"]
[BlackElo "2406"]
[TimeControl "180+1"]
[EndTime "10:17:59 PDT"]
[Termination "Caterpiller35 won by resignation"]

1. e4 c5 2. Nf3 Nc6 3. d4 cxd4 4. Nxd4 e5 5. Nb5 d6 6. N1c3 a6 7. Na3 b5 8. Nd5 Nge7 9. c3 Nxd5 10. Qxd5 Qc7 11.
Bg5 Be6 12. Qd2 h6 13. Bh4 g5 14.
Bg3 h5 15. h3 Be7 16. Nc2 Rb8 17. Be2 a5 18. Ne3 b4 19. Nd5 Qb7 20. Nxe7 Kxe7 21.
Rd1 f6 22. Qxd6+ Kf7 23. O-O Rbg8 24. cxb4 Nd4 25. Rxd4 exd4 26. Qxd4 Qxb4 27. Qa7+ Kg6 28. f4 Qxe4 29. Qxa5 Ra8 30. f5+ Bxf5 31. Qd2 Rhd8 32. Bd6 Rxd6 33. Qxd6 Qxe2 34. Qg3 h4 35. Qc3 Rxa2 36. Rf2 Qd1+ 37. Rf1 Qd3 38. Qxd3 Bxd3 39.
Rd1 Bf5 40. Re1 Rxb2 41. Kh1 Rb1 42. Kg1 Rxe1+ 43. Kf2 Re5 44. g4 hxg3+ 45. Kxg3 Re3+ 46. Kg2 Rxh3 0-1

[Event "*** Titled Tuesday Blitz"]
[Site "Chess.com"]
[Date "2020.04.21"]
[Round "2"]
[White "pomeraniandog"]
[Black "steepedgames"]
[Result "1-0"]
[WhiteElo "1771"]
[BlackElo "2347"]
[TimeControl "180+1"]
[EndTime "10:17:59 PDT"]
[Termination "pomeraniandog won by checkmate"]

1. e4 e6 2. d4 d5 3. Bd3 Nf6 4. e5 Nfd7 5. f4 c5 6. c3 Nc6 7. Nf3 Be7 8. a3 a5 9. O-O c4 10. Bc2 b5 11. Be3 g6 12. Nbd2 Ba6 13.
Qe1 b4 14. Ba4 Qc7 15. Bf2 Nb6 16. Bxc6+ Qxc6 17. Bh4 bxa3 18. bxa3 Qc7 19. h3 Na4 20. Qe3 Nb2 21. Bg5 Nd3 22. Nh2 h5 23. Nhf3 Rb8 24. a4 Rb2 25. Rfb1 Bc8 26. Rxb2 Nxb2 27. Ne1 Bd7 28.
Bxe7 Kxe7 29. Ndf3 Nxa4 30. Qc1 Qb6 31. Qa3+ Kd8 32.
Qc1 Qb3 33. Rb1 Qxc3 34. Rb8+ Bc8 35. Qb1 Qe3+ 36. Kh2 Qxf4+ 37. g3 Qe3 38. Qb7 Qe2+ 39.
Kh1 Qf1+ 40. Ng1 Nb6 41. Qxb6+ Ke7 42. Qd6+ Ke8 43. Rxc8# 1-0

[Event "*** Titled Tuesday Blitz"]
[Site "Chess.com"]
[Date "2020.04.21"]
[Round "2"]
[White "jacky72"]
[Black "Frogo47"]
[Result "1-0"]
[WhiteElo "2710"]
[BlackElo "2491"]
[TimeControl "180+1"]
[EndTime "10:18:00 PDT"]
[Termination "jacky72 won on time"]

1. d4 Nf6 2. c4 g6 3. Nc3 d5 4. Nf3 Bg7 5. h4 dxc4 6. e4 c5 7. d5 b5 8. e5 Ng4 9. Bf4 a6 10. h5 O-O 11. a4 b4 12. Ne4 Nd7 13. e6 fxe6 14. Bg3 Nde5 15. hxg6 hxg6 16. Nxe5 Nxe5 17. Bxe5 Bxe5 18. Qg4 Qe8 19. dxe6 Rf4 20. Qh3 Rxe4+ 21. Be2 Bg7 22. Qh7+ Kf8 23. Qh8+ Bxh8 24. Rxh8+ Kg7 25. Rxe8 Rxe6 26. Kf1 Bb7 27. Rxa8 Bxa8 28. Bxc4 Re4 29. b3 a5 30. Rd1 Bc6 31. Rd8 Kf6 32. Rc8 Bxa4 33.
Rxc5 Bd7 34. Rxa5 Rd4 35. Ra6+ Kg7 36. Rb6 Rd2 37. Rxb4 Bf5 38. Rb6 Bd3+ 39. Bxd3 Rxd3 40. Ke2 Rc3 41. Kd2 Rc7 42. Rb4 Kf6 43. Rc4 Ra7 44. Rc2 Ke5 45. Ke3 g5 46. Kf3 Kf5 47. g4+ Kf6 48.
Rb2 Ke5 49. b4 Kd4 50. b5 Rb7 51. b6 e5 52. Rb5 e4+ 53. Ke2 Kc4 54. Rb1 Kd4 55.
Kd2 e3+ 56. fxe3+ Ke4 57. Ke2 Kd5 58. Kd3 Ke5 59. Rb5+ Ke6 60. Ke4 1-0

[Event "*** Titled Tuesday Blitz"]
[Site "Chess.com"]
[Date "2020.04.21"]
[Round "2"]
[White "LionTheLeon_06"]
[Black "anushanlv"]
[Result "1-0"]
[WhiteElo "2631"]
[BlackElo "2199"]
[TimeControl "180+1"]
[EndTime "10:18:00 PDT"]
[Termination "LionTheLeon_06 won on time"]

1. Nf3 d5 2. g3 c6 3. Bg2 Bg4 4. O-O Nd7 5. d3 e6 6. c4 Ngf6 7. Nc3 Bc5 8. cxd5 exd5 9. h3 Bh5 10. e4 Bxf3 11. Qxf3 O-O 12. Qe2 Re8 13. Rd1 Qe7 14. d4 Bb4 15. e5 Bxc3 16. bxc3 Nf8 17. Bg5 h6 18. Be3 N6d7 19. f4 f5 20. g4 g6 21. Kh2 Ne6 22. Rg1 Kh7 23. Bf1 Rf8 24. Qg2 Rg8 25. Bd3 Raf8 26. gxf5 gxf5 27.
Bxf5+ Kh8 28. Qc2 Nb6 29. Rxg8+ Rxg8 30. Rg1 Rxg1 31. Kxg1 Nc4 32. Bc1 c5 33. Qg2 Nf8 34. Qxd5 Qh4 35. Kg2 1-0

[Event "*** Titled Tuesday Blitz"]
[Site "Chess.com"]
[Date "2020.04.21"]
[Round "2"]
[White "Noghay"]
[Black "Eliwood44"]
[Result "0-1"]
[WhiteElo "2588"]
[BlackElo "2321"]
[TimeControl "180+1"]
[EndTime "10:18:00 PDT"]
[Termination "Eliwood44 won by resignation"]

1. d4 Nf6 2. c4 e6 3. Nf3 d5 4. g3 Be7 5. Bg2 O-O 6. O-O dxc4 7. Qc2 b5 8. a4 b4 9. Qxc4 Ba6 10. Qc2 Bb7 11. Bf4 Nc6 12. Rd1 Nd5 13. a5 a6 14.
Bc1 Rc8 15. Nbd2 Nf6 16. Nb3 Nb8 17. Bg5 Be4 18. Qc1 Nbd7 19. e3 c6 20. Bxf6 Nxf6 21. Nc5 Bxc5 22. Qxc5 b3 23. Ne5 Bxg2 24. Kxg2 Qd5+ 25. f3 Rfd8 26. e4 Qxc5 27. dxc5 Rxd1 28. Rxd1 Kf8 29. Rd6 Ne8 30. Rxc6 Rxc6 31. Nxc6 Nc7 32.
Nd4 Ke7 33. Nxb3 Kd7 34. Nd4 e5 35. Nf5 g6 36. Nh6 f6 37. Ng8 Ne8 38. f4 exf4 39.
gxf4 Kc6 40. b4 Kb5 41. e5 fxe5 42. fxe5 Kxb4 43. c6 Kxa5 44. Nf6 Nc7 45. Nd7 Kb5 46. Nb8 a5 47. Kf3 a4 48. Ke3 a3 0-1

[Event "*** Titled Tuesday Blitz"]
[Site "Chess.com"]
[Date "2020.04.21"]
[Round "2"]
[White "MrVenky"]
[Black "12teen"]
[Result "1/2-1/2"]
[WhiteElo "2532"]
[BlackElo "2758"]
[TimeControl "180+1"]
[EndTime "10:18:01 PDT"]
[Termination "Game drawn by repetition"]

1. e4 a6 2. b3 b5 3. Bb2 Bb7 4. Qe2 e6 5. Nf3 Nf6 6. e5 Nd5 7. g3 Nb4 8. Na3 d5 9. Bg2 c5 10. c3 N4c6 11. O-O Nd7 12. Nc2 c4 13. Ncd4 Bc5 14.
Rfe1 Bxd4 15. cxd4 O-O 16. d3 cxb3 17. axb3 a5 18. h4 a4 19. bxa4 Rxa4 20. Rxa4 bxa4 21. Ng5 h6 22. Nh3 Qb6 23. Nf4 Nxd4 24. Qd2 Nb3 25.
Qd1 d4 26. Nh5 Bxg2 27. Kxg2 Qc6+ 28. Kh2 Qd5 29. Qg4 g6 30. Kh3 Kh7 31. Nf4 Nxe5 32.
Qe2 Qf3 33. Qxe5 Qxf2 34. Ba3 Rg8 35. Be7 Nd2 36. Bf6 Nf3 37. Qc7 Rg7 38. Bxg7 Nxe1 39. Bxd4 Qf1+ 40. Kg4 Qf3+ 41. Kh3 Qh1+ 42. Kg4 Qf3+ 43.
Kh3 Qf1+ 44. Kg4 Qf3+ 1/2-1/2

[Event "*** Titled Tuesday Blitz"]
[Site "Chess.com"]
[Date "2020.04.21"]
[Round "2"]
[White "Kavyev_Ruslan"]
[Black "narutosmith"]
[Result "1-0"]
[WhiteElo "2583"]
[BlackElo "2248"]
[TimeControl "180+1"]
[EndTime "10:18:01 PDT"]
[Termination "Kavyev_Ruslan won on time"]

1. d4 Nf6 2. c4 e6 3. Nf3 Bb4+ 4. Nbd2 O-O 5. g3 d6 6. Bg2 Nbd7 7. O-O e5 8. e3 Qe7 9. a3 Bxd2 10. Bxd2 a5 11.
b4 axb4 12. axb4 Rxa1 13. Qxa1 e4 14. Ne1 Nb6 15. Qc3 d5 16. c5 Nc4 17. Nc2 Bd7 18. Ra1 Rb8 19. Na3 b5 20. cxb6 cxb6 21.
Nxc4 Rc8 22. Bf1 b5 23. Ra7 bxc4 24. b5 Qd6 25. Ra6 Qb8 26. b6 Bb5 27. Qa5 Bxa6 28. Qxa6 Rc6 29. Ba5 c3 30. Qa7 Rxb6 31. Qxb8+ Rxb8 32.
Bxc3 Rb1 33. Kg2 Rc1 34. Bb4 Rc2 35. h3 Nd7 36. Bd6 Nb6 37. Bc5 Nc4 38. Kg1 Nd2 39.
Bb5 Nf3+ 40. Kg2 Rb2 41. Bc6 Rb1 42. h4 Rg1+ 43. Kh3 Rh1+ 44. Kg4 1-0

[Event "*** Titled Tuesday Blitz"]
[Site "Chess.com"]
[Date "2020.04.21"]
[Round "2"]
[White "HouseOfDurin"]
[Black "TERMINATOR_PC"]
[Result "0-1"]
[WhiteElo "2082"]
[BlackElo "2393"]
[TimeControl "180+1"]
[EndTime "10:18:01 PDT"]
[Termination "TERMINATOR_PC won on time"]

1. d4 d5 2. Bg5 f6 3. Bh4 Nc6 4.
e3 Bf5 5. a3 e6 6. g4 Be4 7. f3 Bg6 8. Bd3 Nge7 9. Bg3 h5 10.
gxh5 Bxh5 11. Nd2 Qd7 12. c3 Bg6 13. Qc2 Bxd3 14. Qxd3 Nf5 15. Ne2 Nxg3 16. Nxg3 Bd6 17. O-O-O O-O-O 18. c4 Rh6 19. c5 Bxg3 20. hxg3 Rdh8 21.
Rxh6 Rxh6 22. f4 Qf7 23. b4 Qg6 24. Qxg6 Rxg6 25. Rg1 Ne7 26. Kd1 Nf5 27. Nf1 Rh6 28. g4 Ne7 29. g5 Rh3 30. Ke2 Kd7 31. Kf2 Nf5 32. gxf6 gxf6 33. Rg2 b6 34. Rh2 Rxh2+ 35.
Nxh2 Kc6 36. Ng4 Kb5 37. Nxf6 Ka4 38. cxb6 cxb6 39. Nd7 Kxa3 40. Nf8 Kxb4 0-1

[Event "*** Titled Tuesday Blitz"]
[Site "Chess.com"]
[Date "2020.04.21"]
[Round "2"]
[White "ChadBiryani"]
[Black "PauloCesarCosta_sad"]
[Result "1-0"]
[WhiteElo "2381"]
[BlackElo "2038"]
[TimeControl "180+1"]
[EndTime "10:18:01 PDT"]
[Termination "ChadBiryani won by checkmate"]

1. e4 e6 2. d3 c5 3. g3 Nc6 4.
Bg2 g6 5. Nf3 Bg7 6. O-O d6 7.
Nc3 Nge7 8. h3 O-O 9. a3 Rb8 10. Ne2 b5 11. c3 a5 12. Be3 b4 13. Qd2 Ba6 14. Rfd1 Bb5 15. d4 Bxe2 16. Qxe2 bxc3 17. bxc3 cxd4 18. cxd4 d5 19. Nd2 dxe4 20. Nxe4 Nxd4 21. Qc4 e5 22. Qa4 Qb6 23. Rab1 Qa6 24. Kh2 Rxb1 25. Rxb1 Nef5 26. Nc5 Qa7 27. Nd7 Rd8 28. Rb7 Qa6 29.
Bg5 Ra8 30. Bd5 Qe2 31. Kg1 Nf3+ 32. Bxf3 Qxf3 33. Qb3 Qd1+ 34. Qxd1 Nd4 35. Nxe5 Ne6 36. Nxf7 Rf8 37. Bh6 Re8 38. Qd2 Nc5 39. Qa2 Ne4 40.
Ng5+ Kh8 41. Bxg7# 1-0

[Event "*** Titled Tuesday Blitz"]
[Site "Chess.com"]
[Date "2020.04.21"]
[Round "2"]
[White "UmutErdemGunduz"]
[Black "ShieldingOff"]
[Result "0-1"]
[WhiteElo "2362"]
[BlackElo "2012"]
[TimeControl "180+1"]
[EndTime "10:18:01 PDT"]
[Termination "ShieldingOff won by checkmate"]

1. Nf3 Nf6 2. c4 g6 3. Nc3 Bg7 4. g3 O-O 5. Bg2 c6 6. O-O d5 7. d4 Bf5 8. b3 Qc8 9. Re1 Bh3 10. Bh1 h6 11. Bb2 Qf5 12. Ne5 Qh5 13. cxd5 cxd5 14. Nxd5 Nxd5 15. Bxd5 Nc6 16. Nxc6 bxc6 17. Bxc6 Rac8 18.
Rc1 Rfd8 19. Bf3 Qa5 20. a4 Be6 21. Ba3 Rxd4 22. Rxc8+ Bxc8 23. Qc1 Be6 24. Bb2 Rb4 25. Bxg7 Kxg7 26. Qc3+ f6 27. Rb1 Qb6 28. a5 Qb5 29.
Bc6 Qb8 30. a6 Rxb3 31. Rxb3 Qxb3 32. Qc5 Kf7 33. Qxa7 Bh3 34. f3 Qd1+ 35. Kf2 Qf1+ 36. Ke3 Qg1+ 37. Ke4 Qxa7 38. Bb7 Qc5 39. e3 Bf5+ 40.
Kf4 Qe5# 0-1

[Event "*** Titled Tuesday Blitz"]
[Site "Chess.com"]
[Date "2020.04.21"]
[Round "2"]
[White "JonahWillow"]
[Black "GMMatamoros"]
[Result "1-0"]
[WhiteElo "2767"]
[BlackElo "2523"]
[TimeControl "180+1"]
[EndTime "10:18:02 PDT"]
[Termination "JonahWillow won by checkmate"]

1. e4 c5 2. Nf3 Nc6 3. d4 cxd4 4. Nxd4 e5 5. Nb5 d6 6. N1c3 a6 7. Na3 Be7 8. Nc4 b5 9. Ne3 Nf6 10. g3 O-O 11. Bg2 b4 12. Ncd5 Nxd5 13. Nxd5 Bg5 14.
O-O Bxc1 15. Rxc1 Rb8 16. Kh1 Ne7 17. Re1 Nxd5 18. Qxd5 Be6 19. Qd2 Qb6 20. Rcd1 Rfd8 21. f4 f6 22. Re3 Kf8 23. Rd3 Ke7 24. Re3 a5 25. Bf1 a4 26. Bd3 Bxa2 27. Ra1 b3 28. c3 Ra8 29. Bc4 Qc5 30. Bd5 Ra5 31. Qe2 g6 32.
Qg4 Rd7 33. Qe6+ Kd8 34. Qxf6+ Kc7 35. Re2 a3 36. fxe5 axb2 37. Rxb2 dxe5 38. Qxe5+ Kb6 39.
Rd1 Ra3 40. Qb8+ Ka6 41. Qa8+ Ra7 42. Qe8 Qb5 43. Qe6+ Qb6 44. Bc4+ Ka5 45. Rd5+ Ka4 46. Qxb6 Ra5 47. Rxa5# 1-0

[Event "*** Titled Tuesday Blitz"]
[Site "Chess.com"]
[Date "2020.04.21"]
[Round "2"]
[White "benko_008"]
[Black "mjray79"]
[Result "1-0"]
[WhiteElo "2510"]
[BlackElo "2274"]
[TimeControl "180+1"]
[EndTime "10:18:02 PDT"]
[Termination "benko_008 won by checkmate"]

1. Nf3 Nf6 2. c4 g6 3. Nc3 Bg7 4. e4 O-O 5. d4 d6 6. Be2 e5 7. O-O Nc6 8. d5 Ne7 9. Ne1 Nd7 10. Nd3 f5 11. Bd2 f4 12. f3 g5 13. Rc1 Ng6 14. c5 Nxc5 15. Nxc5 dxc5 16. Nb5 b6 17. b4 a6 18. Na3 cxb4 19. Bxb4 Rf7 20. Bc4 a5 21.
Be1 Ba6 22. Nb5 Bxb5 23. Bxb5 Bf8 24. Bf2 Bd6 25. Bc6 Rb8 26. Qb3 h5 27. h3 g4 28.
fxg4 hxg4 29. hxg4 Qg5 30. Qf3 Kg7 31. Rfd1 Rh8 32.
Kf1 Nh4 33. Bxh4 Rxh4 34. Be8 Rf8 35. Bh5 Rc8 36. Ke2 Bc5 37. Rh1 Rxh1 38. Rxh1 c6 39.
Rd1 cxd5 40. Rxd5 Rd8 41. Qd3 Rc8 42. Rd7+ Be7 43. Qd6 f3+ 44. Kd3 Rd8 45. gxf3 Kf8 46. Rxd8+ Kg7 47. Rd7 Kf8 48. Qxe7+ Qxe7 49. Rxe7 Kxe7 50.
Kc4 Kf6 51. Kb5 Kg5 52. a4 Kf4 53. Kxb6 Kxf3 54. Bg6 Kxg4 55. Bf5+ Kf4 56. Kxa5 Ke3 57. Kb6 Kd4 58. a5 Kc4 59. a6 Kb3 60. a7 Kc2 61.
a8=Q Kd1 62. Qd5+ Ke2 63. Qxe5 Kf2 64. Qc3 Kg2 65. e5 Kg1 66. e6 Kg2 67. e7 Kg1 68. e8=Q Kg2 69. Qe2+ Kg1 70. Qce1# 1-0

[Event "*** Titled Tuesday Blitz"]
[Site "Chess.com"]
[Date "2020.04.21"]
[Round "2"]
[White "Hippotaner"]
[Black "Phriex"]
[Result "0-1"]
[WhiteElo "2245"]
[BlackElo "2465"]
[TimeControl "180+1"]
[EndTime "10:18:02 PDT"]
[Termination "Phriex won on time"]

1. Nf3 d5 2. g3 c6 3. Bg2 Nf6 4.
O-O Bf5 5. d3 e6 6. Nbd2 h6 7. b3 Nbd7 8. Bb2 Be7 9. c4 O-O 10.
a3 a5 11. Qb1 Bh7 12. b4 axb4 13.
axb4 Rxa1 14. Bxa1 Qb6 15. Bc3 dxc4 16. Nxc4 Qb5 17. Qb2 Ra8 18. Nd4 Qa4 19. b5 e5 20.
bxc6 exd4 21. Bxd4 bxc6 22. Rc1 Rb8 23. Qd2 Nd5 24.
e4 Nb4 25. Qf4 Bg5 26. Qg4 c5 27. Bc3 Nxd3 28. Rd1 Qxc4 29. Ba1 N7e5 30. Qe2 Nb2 31. Qxc4 Nbxc4 32. f4 Ne3 33. Re1 Nxg2 34. Kxg2 Nd3 35. Re3 Re8 36. fxg5 Bxe4+ 37. Kf1 hxg5 38. Bc3 c4 39. h3 f5 40. Ke2 Ra8 41. Kf1 Ra2 42. Bd4 Rc2 43. Re2 Rc1+ 0-1

[Event "*** Titled Tuesday Blitz"]
[Site "Chess.com"]
[Date "2020.04.21"]
[Round "2"]
[White "Volodar_Murzin"]
[Black "Bigfish1995"]
[Result "1-0"]
[WhiteElo "2628"]
[BlackElo "3061"]
[TimeControl "180+1"]
[EndTime "10:18:03 PDT"]
[Termination "Volodar_Murzin won by resignation"]

1. d4 Nf6 2. Nf3 e6 3. Bf4 c5 4. e3 d5 5. Nbd2 Nc6 6. c3 cxd4 7. exd4 Nh5 8. Bg3 Bd6 9. Bb5 Nxg3 10. hxg3 Bd7 11.
Bd3 h6 12. Qe2 Qc7 13. g4 O-O-O 14. O-O-O f6 15. Kb1 e5 16. dxe5 fxe5 17. Bf5 g5 18.
Nb3 Bxf5+ 19. gxf5 Qf7 20. g4 Bc7 21. Nc5 e4 22. Nd4 Nxd4 23. cxd4 Rd6 24. Rc1 Kb8 25. f3 Re8 26. fxe4 dxe4 27. Ne6 Rexe6 28. fxe6 Qxe6 29. Rhf1 a6 30. Rf8+ Bd8 31. Qh2 Ka7 32. Qe5 Bb6 33. Rcc8 Bxd4 34. Qa5 Qxc8 35. Rxc8 e3 36.
Qc7 Re6 37. Qd7 Re4 38. Qd5 Rxg4 39. Rc7 1-0

[Event "*** Titled Tuesday Blitz"]
[Site "Chess.com"]
[Date "2020.04.21"]
[Round "2"]
[White "Gordima"]
[Black "Chessmasterzt"]
[Result "1-0"]
[WhiteElo "2710"]
[BlackElo "2493"]
[TimeControl "180+1"]
[EndTime "10:18:03 PDT"]
[Termination "Gordima won on time"]

1. d4 d6 2. Nf3 Nf6 3. c4 g6 4. g3 Bg7 5. Bg2 O-O 6. O-O Nbd7 7. Nc3 e5 8. e4 exd4 9. Nxd4 Re8 10. Re1 Nc5 11.
h3 Bd7 12. Kh2 h5 13. Bf4 Ne6 14. Be3 Nxd4 15. Bxd4 Bc6 16. Qd2 Nd7 17. Rad1 Bxd4 18. Qxd4 h4 19. g4 Qg5 20. Ne2 Qe5+ 21. f4 Qxd4 22.
Nxd4 Nc5 23. Nxc6 bxc6 24. e5 Rab8 25. b3 dxe5 26. Bxc6 Red8 27. fxe5 a5 28. Rd5 Nd3 29. Re2 Rxd5 30. cxd5 Nb4 31. e6 Nxc6 32. dxc6 fxe6 33.
Rxe6 Kf7 34. Re4 Rb4 35. Re3 a4 36. Rc3 axb3 37. axb3 Rd4 38. Kg2 Rf4 39. Rf3 Rf6 40. g5 Rf5 41. Rxf5+ gxf5 42. Kf3 1-0

[Event "*** Titled Tuesday Blitz"]
[Site "Chess.com"]
[Date "2020.04.21"]
[Round "2"]
[White "Gareth-Bale11"]
[Black "Andrii_Prydun"]
[Result "1-0"]
[WhiteElo "2750"]
[BlackElo "2346"]
[TimeControl "180+1"]
[EndTime "10:18:03 PDT"]
[Termination "Gareth-Bale11 won by resignation"]

1. d4 d6 2. Nf3 Nf6 3. c4 Nbd7 4.
Nc3 e5 5. e4 Be7 6. Be2 O-O 7.
O-O c6 8. Re1 a6 9. Bg5 Re8 10.
Qc2 h6 11. Bd2 Bf8 12. Rad1 b5 13. dxe5 dxe5 14. Be3 Qa5 15. a3 b4 16. axb4 Qxb4 17.
Nh4 Nb6 18. Na2 Qa5 19. b4 Qa4 20. Qb2 Rb8 21. Rc1 Be6 22. Bd1 Nxc4 23. Rxc4 Qb5 24. Rc1 Nxe4 25. Bf3 Bd5 26. Nf5 Qa4 27. Bxe4 Bxe4 28.
Nc3 Qxb4 29. Qxb4 Rxb4 30. Nxe4 Rxe4 31. Rxc6 g6 32. Nd6 Bxd6 33. Rxd6 a5 34. f3 Rc4 35.
Ra1 a4 36. Bxh6 Ra8 37. Bg5 f5 38. Bf6 Kf7 39. Bxe5 Rc2 40. Rf6+ Ke7 41. Rxg6 a3 42. f4 a2 43. h3 Rb8 44. Bxb8 1-0

[Event "*** Titled Tuesday Blitz"]
[Site "Chess.com"]
[Date "2020.04.21"]
[Round "2"]
[White "Efremov_Vlad"]
[Black "Oligan22"]
[Result "0-1"]
[WhiteElo "2148"]
[BlackElo "2418"]
[TimeControl "180+1"]
[EndTime "10:18:03 PDT"]
[Termination "Oligan22 won on time"]

1. c4 c5 2. Nf3 e6 3. Nc3 b6 4. d4 cxd4 5. Nxd4 Bb7 6. e4 d6 7. Be2 Nf6 8. f3 Be7 9. O-O O-O 10. Be3 Nbd7 11. Rc1 a6 12. a3 Rc8 13. b4 Qc7 14. Qb3 Qb8 15. a4 Rfe8 16. Kh1 Bd8 17. Bg1 a5 18. Ncb5 g6 19. bxa5 bxa5 20. Nxd6 Nc5 21. Nxe8 Nxb3 22. Nxf6+ Bxf6 23. Nxb3 Bc6 24. Nxa5 Bxa4 25.
c5 Be7 26. Ba6 Rc7 27. Bf2 Qa8 28. Ra1 Qxa6 29. Rxa4 Bxc5 30. Bxc5 Rxc5 31. Rfa1 Rb5 32. h3 Qd6 33. Nc4 Qf4 34. Rd1 Rb8 35. Ra7 h5 36.
Nd6 Rd8 37. Ra6 h4 38. Kg1 Qe5 39. Kh1 Qc5 40. Rd3 Qc1+ 41. Kh2 Qe1 42. Rc6 Qf1 43. Rc8 Rxc8 44. Nxc8 Qxd3 45. Ne7+ Kf8 46. Nxg6+ fxg6 47. g3 Qe2+ 0-1

[Event "*** Titled Tuesday Blitz"]
[Site "Chess.com"]
[Date "2020.04.21"]
[Round "2"]
[White "tufferguy"]
[Black "SamuelGhimpu2003"]
[Result "0-1"]
[WhiteElo "2396"]
[BlackElo "2660"]
[TimeControl "180+1"]
[EndTime "10:18:04 PDT"]
[Termination "SamuelGhimpu2003 won on time"]

1. e4 d6 2. d4 Nf6 3. Nc3 g6 4. f4 Bg7 5. Bd3 O-O 6. Nf3 Nc6 7. e5 dxe5 8. fxe5 Nd5 9. Nxd5 Qxd5 10. c3 f6 11. Qe2 Kh8 12. exf6 exf6 13. O-O Be6 14. c4 Qd6 15. d5 Nb4 16. Qxe6 Qxe6 17. dxe6 Nxd3 18.
Rd1 Nc5 19. e7 Rfe8 20. Be3 Ne6 21. Rd7 Kg8 22. Re1 Kf7 23. Nd4 Rac8 24. b4 a6 25. Bf2 Nxd4 26. Bxd4 Bh6 27. Rf1 Bg5 28. g3 f5 29. h4 Rxe7 30. Rxe7+ Bxe7 31. g4 Rd8 32. Be5 c6 33. gxf5 gxf5 34. Rxf5+ Ke6 35. Rh5 Bxb4 36. Bf4 Rd4 37. Rh6+ Kf5 38. Bg5 Rd7 39. Rf6+ Ke4 40.
Kg2 Kd3 41. c5 Bxc5 42. Rf3+ Kc4 43. Kg3 b5 44. Kg4 b4 45. Bf6 Bd4 46. Rf4 c5 47.
Kf5 Kd5 0-1

[Event "*** Titled Tuesday Blitz"]
[Site "Chess.com"]
[Date "2020.04.21"]
[Round "2"]
[White "BrizuelaReivis"]
[Black "AlexOstrovskiy"]
[Result "0-1"]
[WhiteElo "2265"]
[BlackElo "2481"]
[TimeControl "180+1"]
[EndTime "10:18:04 PDT"]
[Termination "AlexOstrovskiy won on time"]

1. d4 e6 2. c4 b6 3. Nc3 Bb7 4. Nf3 Bb4 5. e3 f5 6. Bd3 Nf6 7. O-O Bxc3 8. bxc3 O-O 9. Ne1 d6 10. f3 Nbd7 11. a4 a5 12. Qe2 Qe8 13. e4 fxe4 14.
fxe4 e5 15. Nf3 exd4 16. cxd4 Bxe4 17. Bb2 Bxd3 18. Qxd3 Qe4 19. Qd2 d5 20. Rae1 Qg6 21. Ne5 Nxe5 22. dxe5 Nh5 23. cxd5 Rad8 24. e6 Rxf1+ 25.
Rxf1 Nf6 26. Bxf6 gxf6 27. Rf3 Qb1+ 28. Kf2 Qb4 29. Rg3+ Kh8 30. Qh6 Qd4+ 31. Re3 Qb2+ 32. Kf3 Qd4 33. e7 Qxd5+ 34. Kf2 Qf5+ 35. Ke2 Qg4+ 36.
Rf3 Qe4+ 37. Kf2 Qxe7 38. Qxf6+ Qxf6 39. Rxf6 Kg7 40. Kf3 Kxf6 0-1

[Event "*** Titled Tuesday Blitz"]
[Site "Chess.com"]
[Date "2020.04.21"]
[Round "2"]
[White "Embrujada"]
[Black "Phenix2k"]
[Result "0-1"]
[WhiteElo "2462"]
[BlackElo "2276"]
[TimeControl "180+1"]
[EndTime "10:18:04 PDT"]
[Termination "Phenix2k won by resignation"]

1. c4 g6 2. Nc3 Bg7 3. d4 Nf6 4. Bf4 O-O 5. Qd2 d5 6. e3 c5 7. dxc5 Qa5 8. cxd5 Rd8 9. Rd1 Qxc5 10. Nf3 Bg4 11.
Be2 e6 12. e4 Na6 13. O-O exd5 14. exd5 Nb4 15. d6 Be6 16. Ng5 Nbd5 17. Nxe6 fxe6 18. Be5 Nxc3 19. Qxc3 Qxc3 20. Bxc3 Ne4 21. Bxg7 Kxg7 22. Rd4 Nxd6 23. Rfd1 Nf7 24. Rd7 Rxd7 25. Rxd7 Rc8 26. Rxb7 Rc1+ 27. Bf1 Rb1 28. b3 Kf6 29. Rxa7 Nd6 30. g3 Ne4 31. Rd7 Nc3 32. Rd2 Ne4 33.
Rc2 h5 34. Kg2 g5 35. f3 Nd6 36. a4 Nf5 37. Kf2 Rxf1+ 38. Kxf1 Ne3+ 39. Ke2 Nxc2 40.
Kd3 Nb4+ 41. Kc4 Na6 42. Kb5 Nb8 43. Kb6 e5 44. a5 g4 45. fxg4 e4 46. Kb7 e3 0-1

[Event "*** Titled Tuesday Blitz"]
[Site "Chess.com"]
[Date "2020.04.21"]
[Round "2"]
[White "Anaj14"]
[Black "english_player_89"]
[Result "0-1"]
[WhiteElo "2080"]
[BlackElo "2417"]
[TimeControl "180+1"]
[EndTime "10:18:04 PDT"]
[Termination "english_player_89 won by resignation"]

1. Nf3 Nf6 2. g3 g6 3. Bg2 Bg7 4. O-O O-O 5. c4 d6 6. d3 Nc6 7. Nc3 e5 8. Rb1 a5 9. a3 Nh5 10. b4 f5 11. Qb3 Kh8 12. b5 Ne7 13. a4 f4 14. Ne4 b6 15. Bb2 h6 16. Rbd1 Bb7 17.
g4 Bxe4 18. dxe4 Nf6 19. Nxe5 Qc8 20. Nd3 Qxg4 21. h3 Qg5 22. Bc1 Nxe4 23. Kh1 Nc5 24. Nxc5 bxc5 25. Bxa8 Rxa8 26. Qf3 Rf8 27. Rg1 Qf6 28.
Rd2 g5 29. Bb2 Qf7 30. Bxg7+ Qxg7 31. Rc2 Ng6 32. b6 cxb6 33. Qc6 Qf6 34. Rd2 Qf5 35.
Qf3 Ne5 36. Qg2 Nxc4 37. Rd5 Qf6 38. Qe4 Ne5 39. Rgd1 Rd8 40. Rxe5 dxe5 41. Rxd8+ Qxd8 42. Qxe5+ Kh7 43. Qf5+ Kg7 44. Qe5+ Qf6 45. Qc7+ Kg6 46.
Kg2 h5 47. Qc8 Kh6 48. f3 Qd6 49. Qh8+ Kg6 50. Qg8+ Kf5 51. Qf7+ Qf6 52. Qxh5 c4 53. Qg4+ Ke5 54. Qc8 Kd4 55. Qd7+ Kc3 56. Qd1 Kb4 57. Qd2+ Kxa4 58. Qc2+ Kb4 59. Kf2 a4 60. Qb2+ Qxb2 0-1

[Event "*** Titled Tuesday Blitz"]
[Site "Chess.com"]
[Date "2020.04.21"]
[Round "2"]
[White "TregubovP"]
[Black "GMAkobianSTL"]
[Result "1-0"]
[WhiteElo "2580"]
[BlackElo "2792"]
[TimeControl "180+1"]
[EndTime "10:18:05 PDT"]
[Termination "TregubovP won on time"]

1. e4 d6 2. d4 Nf6 3. Nc3 c6 4. Nf3 Bg4 5. Be2 e6 6. h3 Bh5 7. O-O d5 8. Ne5 Bxe2 9. Qxe2 Nbd7 10. exd5 cxd5 11. f4 Bb4 12. f5 O-O 13. fxe6 fxe6 14. Nd3 Bxc3 15. Qxe6+ Kh8 16. bxc3 Qc7 17. Ne5 Nxe5 18. dxe5 Qc5+ 19. Kh2 Ne4 20. Bf4 Rae8 21. Qd7 Qc6 22. Qxc6 bxc6 23. c4 d4 24. Rae1 Nc5 25. Bc1 Rxf1 26. Rxf1 Kg8 27. Re1 d3 28. Ba3 d2 29. Rd1 Ne4 30. Bd6 Kf7 31. g4 c5 32.
Kg2 Nxd6 33. exd6 Re2+ 34. Kf3 Rh2 35. Kg3 Re2 36. Kf3 Rh2 37. Ke3 Rxh3+ 38. Ke4 Ke6 39. Rxd2 Kd7 40. Kd5 Ra3 41. Kxc5 Rxa2 42. Kd5 Ra4 43.
Re2 a5 44. Re7+ Kd8 45. Rxg7 1-0